 Dungeon Sprint DCSS version 0.23.1 (webtiles) character file.

Game seed: 9552660834238352679

52238 dvd the Hoplite (level 14, -11/149 HPs)
             Began as a Minotaur Fighter on Mar 6, 2019.
             Was the Champion of Makhleb.
             Mangled by a dire elephant (28 damage)
             ... in the Dungeon (Sprint V: "Ziggurat Sprint").
             The game lasted 00:18:22 (1441 turns).

dvd the Hoplite (Minotaur Fighter)                  Turns: 1441, Time: 00:18:23

Health: -11/149    AC: 34    Str: 27    XL:     14   Next: 26%
Magic:  0/13       EV:  3    Int:  9    God:    Makhleb [******]
Gold:   0          SH: 37    Dex: 20    Spells: 13/13 levels left

rFire    . . .     SeeInvis .   O - +8 mithril axe "Arga" {speed, MR+}
rCold    + + .     Gourm    .   x - +18 shield of the Gong {rElec rN+ MR+ EV-5}
rNeg     + . .     Faith    .   w - +15 Maxwell's patent armour {-Cast -Tele rElec MR+ rCorr}
rPois    .         Spirit   +   (helmet restricted)
rElec    +         Reflect  .   Q - scarf {Spirit}
rCorr    +         Harm     .   X - +0 pair of gloves {Str+3}
MR       ++++.     NoTele   +   U - +0 pair of boots {Fly} Stlth ..........NoCast +
                                S - amulet of magic regeneration
HPRegen  0.34/turn              z - +6 ring of dexterity
MPRegen  0.38/turn              V - ring "Niygimah" {rC++ Int+4 Dex+2}

@: grasped by roots, flying, constricted
A: retaliatory headbutt, horns 2
a: Minor Destruction, Lesser Servant of Makhleb, Major Destruction, Greater
Servant of Makhleb, Renounce Religion, Stop Flying


You were in the Dungeon.
You worshipped Makhleb.
Makhleb was exalted by your worship.
You were not hungry.

You visited 1 branch

Inventory:

Hand Weapons
 c - a +5 broad axe of flaming
 y - the +6 shillelagh "Devastator" {shatter}
   (You found it in the Dungeon)
 I - a +5 fustibalus of velocity
 J - a +5 hand crossbow of velocity
 M - the cursed +14 obsidian axe {chop, +Fly SInv *Curse}
   (You found it in the Dungeon)

   It inflicts extra damage upon your enemies.
   It lets you see invisible.
   It lets you fly.
   It curses itself when equipped.
   It has a curse placed upon it.
 N - the +8 lance "Wyrmbane" {slay drac, rPois rF+ rC+ AC+3}
   (You found it in the Dungeon)

   It affects your AC (+3).
   It protects you from fire.
   It protects you from cold.
   It protects you from poison.
 O - the +8 mithril axe "Arga" (weapon) {speed, MR+}
   (You took it off a vault guard in the Dungeon)

   Attacks with this weapon are significantly faster.
   It affects your resistance to hostile enchantments.
 P - the +7 Singing Sword {slice, sonic wave}
   (You found it in the Dungeon)

   It inflicts extra damage upon your enemies.
 T - the cursed +2 broad axe "Juimuokh" {flame, +Rage MR+ Str-2 Int+5}
   (You found it in the Dungeon)

   It has been specially enchanted to burn those struck by it, causing extra
   injury to most foes and up to half again as much damage against particularly
   susceptible opponents.
   Big, fiery blades are also staple armaments of hydra-hunters.
   It affects your strength (-2).
   It affects your intelligence (+5).
   It affects your resistance to hostile enchantments.
   It lets you go berserk.
   It has a curse placed upon it.
Missiles
 A - 17 javelins (quivered)
 K - 1066 bolts
 L - 998 sling bullets
 W - 12 steel javelins
Armour
 a - the +2 plate armour of Aklaon Imem {Str+4 Dex+7}
   (You found it in the Dungeon)

   It affects your strength (+4).
   It affects your dexterity (+7).
 b - a +3 large shield
 o - a +1 cloak of invisibility
 w - the +15 Maxwell's patent armour (worn) {-Cast -Tele rElec MR+ rCorr}
   (You found it in the Dungeon)

   It insulates you from electricity.
   It affects your resistance to hostile enchantments.
   It prevents spellcasting.
   It prevents most forms of teleportation.
   It provides partial protection from all sources of acid and corrosion.
 x - the +18 shield of the Gong (worn) {rElec rN+ MR+ EV-5}
   (You found it in the Dungeon)

   It affects your evasion (-5).
   It insulates you from electricity.
   It protects you from negative energy.
   It affects your resistance to hostile enchantments.
 Q - a scarf of spirit shield (worn)
 U - a +0 pair of boots of flying (worn)
 X - a +0 pair of gloves of strength (worn)
Jewellery
 z - a +6 ring of dexterity (left hand)
 B - a +6 ring of intelligence
 C - a +6 ring of intelligence
 D - a +6 ring of strength
 E - a +6 ring of strength
 S - an amulet of magic regeneration (around neck)
 V - the ring "Niygimah" (right hand) {rC++ Int+4 Dex+2}
   (You took it off a centaur in the Dungeon)

   [ring of dexterity]

   It affects your intelligence (+4).
   It affects your dexterity (+2).
   It greatly protects you from cold.
Wands
 F - a wand of disintegration (7)
 G - a wand of iceblast (7)
 H - a wand of acid (7)
Scrolls
 k - 4 scrolls of blinking
 q - 4 scrolls of amnesia
 r - 8 scrolls of fog
 s - a scroll of holy word
 t - 5 scrolls of identify
 u - 5 scrolls of remove curse
 v - 2 scrolls of fear
Potions
 d - 5 potions of might
 e - 10 potions of curing
 g - 11 potions of heal wounds
 h - 6 potions of haste
 i - 7 potions of magic
 j - 2 potions of berserk rage
 l - 2 potions of brilliance
 m - 2 potions of invisibility
 n - 4 potions of resistance
 p - 5 potions of agility
Comestibles
 f - 8 rations
 R - 25 chunks of flesh


   Skills:
 + Level 20.8 Fighting
 + Level 2.5 Long Blades
 + Level 23.3(24.3) Axes
 + Level 2.4(16.2) Maces & Flails
 + Level 13.0(19.6) Polearms
 + Level 8.4(8.5) Slings
 + Level 1.2(4.9) Throwing
 + Level 13.8 Armour
 + Level 4.6 Dodging
 + Level 0.2 Stealth
 + Level 24.0 Shields
 + Level 2.1 Unarmed Combat
 + Level 0.7 Evocations


You had 13 spell levels left.
You didn't know any spells.
Your spell library contained the following spells:

 Spells                   Type           Power        Failure   Level  Hunger
 Animate Skeleton         Necr           N/A          95%         1    ##.....
 Flame Tongue             Conj/Fire      #....        95%         1    ##.....
 Pain                     Necr           #...         95%         1    ##.....
 Sting                    Conj/Pois      #...         95%         1    ##.....
 Poisonous Vapours        Pois/Air       #.....       99%         2    ###....
 Inner Flame              Hex/Fire       #.......     100%        3    ####...
 Lesser Beckoning         Tloc           #.........   100%        3    ####...
 Mephitic Cloud           Conj/Pois/Air  #.......     100%        3    ####...
 Ozocubu's Armour         Chrm/Ice       #.......     100%        3    ####...
 Portal Projectile        Hex/Tloc       #.....       100%        3    ####...
 Cause Fear               Hex            #.........   100%        4    #####..
 Olgreb's Toxic Radiance  Pois           #.......     100%        4    #####..
 Passage of Golubria      Tloc           N/A          100%        4    #####..
 Summon Lightning Spire   Summ/Air       #.......     100%        4    #####..
 Throw Icicle             Conj/Ice       #.......     100%        4    #####..
 Excruciating Wounds      Chrm/Necr      #.........   100%        5    ######.
 Silence                  Hex/Air        #.........   100%        5    ######.
 Summon Forest            Summ/Tloc      #.........   100%        5    ######.
 Venom Bolt               Conj/Pois      #.........   100%        5    ######.
 Yara's Violent Unravell  Hex/Tmut       #.........   100%        5    ######.
 Conjure Ball Lightning   Conj/Air       #.........   100%        6    #######
 Darkness                 Hex            #.........   100%        6    #######
 Deflect Missiles         Chrm/Air       #.........   100%        6    #######
 Freezing Cloud           Conj/Ice/Air   #.........   100%        6    #######
 Ring of Flames           Chrm/Fire      #.........   100%        7    #######
 Controlled Blink         Tloc           N/A          100%        8    #######
 Discord                  Hex            #.........   100%        8    #######
 Tornado                  Air            #.........   100%        9    #######


Dungeon Overview and Level Annotations

Branches:
Dungeon (1/1)

Altars:
Ashenzari
Cheibriados
Dithmenos
Elyvilon
Fedhas
Gozag
Hepliaklqana
Kikubaaqudgha
Makhleb
Nemelex Xobeh
Okawaru
Qazlal
Ru
Sif Muna
Trog
Uskayaw
Vehumet
Wu Jian
Xom
Yredelemnul
Zin
The Shining One
Beogh
Jiyva
Lugonu


Innate Abilities, Weirdness & Mutations

You reflexively headbutt those who attack you in melee.
You have a pair of horns on your head.


Message History

You block the apis's attack.
GONNNNG!
The apis gores you but does no damage.
The spriggan air mage hits you but does no damage.
The spriggan rider hits you but does no damage.
The spriggan druid hits you with a +0 quarterstaff.
* * * LOW HITPOINT WARNING * * *
x2 The grasping roots constrict you.
The shambling mangrove hits you!!
* * * LOW HITPOINT WARNING * * *
You feel much better. You block the dire elephant's attack.
GONNNNG!
You block the dire elephant's attack.
PANG!
The apis gores you!
* * * LOW HITPOINT WARNING * * *
The apis gores you but does no damage.
You block the spriggan air mage's attack.
GONNNNG!
The dire elephant tramples you!!
You die...

▓...=).":|
▓...([|[??"...▓..[)})[.=
▓.....b.......▓.........
▓.............▓.......(.
▓.............▓......((.
▓.............▓.....(.(.
▓.....y..i....▓..▓..(÷[▓
▓.....Yif.....▓.▓.▓...▓(
▓..▓.fY@i..▓..▓..▓..((.▓
▓.....Y.f.....▓.....©..(
▓.............▓▓▓▓▓▓▓▓▓▓
▓......©......▓....8©8..
▓▓▓▓▓▓▓▓▓▓▓▓▓▓▓..[..)}.)
▓...})=... ▓...=.....
▓.....(... ▓....)))..


You could see 2 apis, a dire elephant (berserk), 3 shambling mangroves, a
spriggan rider, a moth of wrath, a spriggan air mage and a spriggan druid.

Vanquished Creatures
  An Orb Guardian (D)
  A lich (D)
  A deep elf blademaster (D)
  A thorn hunter (D)
  An azure jelly (shapeshifter) (D)
  3 fire giants (D)
  A draconian shifter (D)
  6 stone giants (D)
  A yellow draconian (D)
  2 merfolk javelineers (D)
  8 vault guards (D)
  3 yaktaur captains (D)
  An ogre mage (D)
  An anaconda (D)
  A centaur warrior (D)
  4 two-headed ogres (D)
  2 soul eaters (D)
  A spriggan berserker (D)
  A sun demon (D)
  A spriggan druid (D)
  A sea snake (shapeshifter) (D)
  A glowing orange brain (D)
  An ironbrand convoker (D)
  A lindwurm (shapeshifter) (D)
  A harpy (shapeshifter) (D)
  An orc knight (D)
  4 wolf spiders (D)
  9 cyclopes (D)
  2 ugly things (D)
  4 toenail golems (D)
  A smoke demon (D)
  A torpor snail (shapeshifter) (D)
  3 yaktaurs (D)
  A jumping spider (D)
  5 trolls (D)
  2 merfolk (D)
  A hornet (D)
  A slime creature (shapeshifter) (D)
  A hog (shapeshifter) (D)
  2 neqoxecs (D)
  2 nagas (D)
  A floating eye (shapeshifter) (D)
  4 water moccasins (D)
  An ice beast (D)
  2 necrophages (D)
  4 centaurs (D)
  A small abomination (D)
  4 scorpions (D)
  2 crimson imps (D)
  3 quasits (D)
  2 jellies (D)
  An adder (D)
  A shadow imp (D)
  2 white imps (D)
  An ufetubus (D)
  2 oozes (D)
  2 adder skeletons (D)
  2 adder zombies (D)
  An adder simulacrum (D)
  A bat skeleton (D)
  A giant cockroach zombie (D)
124 creatures vanquished.

Notes
Turn   | Place    | Note
-------+----------+-------------------------------------------
     0 | D        | Found the +6 Majin-Bo {vamp, Archmagi MP+6 Int+6}
     0 | D        | Found the +7 great mace "Firestarter" {inner flame, rF++}
     0 | D        | dvd the Minotaur Fighter began the quest for the Orb.
     0 | D        | Reached XP level 1. HP: 19/19 MP: 0/0
     0 | D        | Found a deep blue altar of Sif Muna.
     0 | D        | Found a sacrificial altar of Ru.
     0 | D        | Found a bloodstained altar of Trog.
     0 | D        | Found a stormy altar of Qazlal.
     0 | D        | Found an iron altar of Okawaru.
     0 | D        | Found a sparkling altar of Nemelex Xobeh.
     0 | D        | Found a blossoming altar of Fedhas.
     2 | D        | Found a transporter.
     2 | D        | Found an ancient bone altar of Kikubaaqudgha.
     2 | D        | Found a viscous altar of Jiyva.
     2 | D        | Found a corrupted altar of Lugonu.
     2 | D        | Found a hazy altar of Hepliaklqana.
     2 | D        | Found a burning altar of Makhleb.
     2 | D        | Found an opulent altar of Gozag.
    10 | D        | Found the +9 heavy crossbow "Sniper" {velocity, Acc+∞ SInv}
    10 | D        | Found the +10 dark maul {crush}
    10 | D        | Found the +15 Maxwell's patent armour {-Cast -Tele rElec
                  | MR+ rCorr}
    10 | D        | Found the +18 shield of the Gong {rElec rN+ MR+ EV-5}
    10 | D        | Found the cursed +14 obsidian axe {chop, +Fly SInv *Curse}
    11 | D        | Found the +6 shillelagh "Devastator" {shatter}
    11 | D        | Found the +11 plutonium sword {*Contam Stlth-}
    11 | D        | Found the +8 lance "Wyrmbane" {slay drac, rPois rF+ rC+
                  | AC+3}
    11 | D        | Found the +9 sword of Zonguldrok {reap}
    11 | D        | Found the cursed +13 scythe of Curses {drain, *Curse}
    11 | D        | Found the +0 sword of Power
    11 | D        | Found the +7 mace of Variability {chain chaos}
    11 | D        | Found the +7 Singing Sword {slice, sonic wave}
    11 | D        | Found the +7 longbow "Piercer" {penet, EV-2}
    92 | D        | Became a worshipper of Makhleb the Destroyer
    96 | D        | Reached skill level 4 in Shields
    96 | D        | Reached XP level 2. HP: 28/28 MP: 1/1
   105 | D        | Entered arena 2.
   105 | D        | Noticed a merfolk
   105 | D        | Noticed a merfolk
   105 | D        | Found a transporter.
   122 | D        | Killed a merfolk
   122 | D        | Reached skill level 5 in Axes
   122 | D        | Reached skill level 8 in Shields
   122 | D        | Reached XP level 3. HP: 10/39 MP: 2/2
   122 | D        | Reached XP level 4. HP: 13/47 MP: 3/3
   122 | D        | Reached XP level 5. HP: 14/52 MP: 4/4
   125 | D        | Killed a merfolk
   125 | D        | Reached skill level 9 in Shields
   125 | D        | Reached XP level 6. HP: 18/62 MP: 5/5
   345 | D        | Entered arena 3.
   345 | D        | Noticed an ice beast
   345 | D        | Found a transporter.
   347 | D        | Reached * piety under Makhleb
   354 | D        | Killed an ice beast
   363 | D        | Got the Almanac of Cold and Evil
   366 | D        | Entered arena 4.
   366 | D        | Found a transporter.
   368 | D        | Reached ** piety under Makhleb
   368 | D        | Reached XP level 7. HP: 70/70 MP: 6/6
   369 | D        | Reached skill level 10 in Shields
   382 | D        | Got the Handbook of Execration and the Voyage
   384 | D        | Entered arena 5.
   384 | D        | Noticed a toenail golem
   384 | D        | Noticed a toenail golem
   384 | D        | Noticed a toenail golem
   384 | D        | Noticed a toenail golem
   384 | D        | Found a transporter.
   396 | D        | Killed a toenail golem
   396 | D        | Reached *** piety under Makhleb
   396 | D        | Reached skill level 11 in Shields
   398 | D        | Killed a toenail golem
   398 | D        | Reached skill level 10 in Fighting
   398 | D        | Reached skill level 10 in Axes
   398 | D        | Reached XP level 8. HP: 80/80 MP: 7/7
   399 | D        | Killed a toenail golem
   399 | D        | Reached skill level 10 in Armour
   399 | D        | Reached skill level 12 in Shields
   405 | D        | Killed a toenail golem
   405 | D        | Reached skill level 5 in Slings
   419 | D        | Entered arena 6.
   419 | D        | Noticed a smoke demon
   419 | D        | Noticed a sun demon
   419 | D        | Found a transporter.
   422 | D        | Reached **** piety under Makhleb
   422 | D        | Reached XP level 9. HP: 89/89 MP: 8/8
   424 | D        | Killed a sun demon
   424 | D        | Reached skill level 5 in Polearms
   424 | D        | Reached skill level 13 in Shields
   426 | D        | Killed a smoke demon
   426 | D        | Reached ***** piety under Makhleb
   434 | D        | Got the +2 plate armour of Aklaon Imem {Str+4 Dex+7}
   532 | D        | Entered arena 7.
   532 | D        | Noticed an orc knight
   532 | D        | Noticed a yaktaur
   532 | D        | Noticed an ogre mage
   532 | D        | Noticed an ironbrand convoker
   532 | D        | Noticed a glowing orange brain
   533 | D        | Identified the +6 morningstar "Cagica Opty" {drain, Int+3}
   540 | D        | Noticed a yellow draconian
   540 | D        | Noticed a soul eater
   540 | D        | Noticed a purple draconian shifter
   541 | D        | Noticed an Orb Guardian
   541 | D        | Noticed a soul eater
   541 | D        | Noticed a deep elf blademaster
   543 | D        | Killed a glowing orange brain
   552 | D        | Killed an Orb Guardian
   552 | D        | Reached skill level 14 in Shields
   552 | D        | Reached XP level 10. HP: 77/101 MP: 9/9
   554 | D        | Killed a deep elf blademaster
   554 | D        | Reached skill level 15 in Shields
   556 | D        | Killed a purple draconian shifter
   556 | D        | Reached XP level 11. HP: 82/108 MP: 10/10
   557 | D        | Killed an orc knight
   557 | D        | Reached skill level 16 in Shields
   558 | D        | Killed a yellow draconian
   560 | D        | Killed an ironbrand convoker
   561 | D        | Killed an ogre mage
   561 | D        | Reached ****** piety under Makhleb
   565 | D        | Killed a soul eater
   566 | D        | Killed a soul eater
   566 | D        | Reached skill level 15 in Fighting
   566 | D        | Reached skill level 17 in Shields
   568 | D        | Found a transporter.
   614 | D        | Entered arena 8.
   615 | D        | Found a transporter.
   636 | D        | Entered arena 9.
   637 | D        | Found a transporter.
   709 | D        | Entered arena 10.
   710 | D        | Found a transporter.
   735 | D        | Got the amulet "Oppam" {Inacc MR+}
   756 | D        | Entered arena 11.
   756 | D        | Noticed a wolf spider
   756 | D        | Noticed a wolf spider
   756 | D        | Noticed a wolf spider
   756 | D        | Noticed a wolf spider
   757 | D        | Found a transporter.
   771 | D        | Killed a wolf spider
   773 | D        | Killed a wolf spider
   784 | D        | Killed a wolf spider
   788 | D        | Killed a wolf spider
   917 | D        | Entered arena 12.
   917 | D        | Noticed a stone giant
   917 | D        | Noticed a two-headed ogre
   917 | D        | Noticed a stone giant
   917 | D        | Noticed a two-headed ogre
   917 | D        | Noticed a stone giant
   919 | D        | Noticed a fire giant
   934 | D        | Killed a stone giant
   934 | D        | Reached skill level 18 in Shields
   934 | D        | Reached XP level 12. HP: 58/122 MP: 3/11
   936 | D        | Killed a stone giant
   936 | D        | Reached skill level 10 in Polearms
   941 | D        | Killed a fire giant
   943 | D        | Killed a stone giant
   943 | D        | Reached skill level 19 in Shields
   945 | D        | Killed a two-headed ogre
   946 | D        | Killed a two-headed ogre
   965 | D        | Found a transporter.
   971 | D        | Got the cursed +2 broad axe "Juimuokh" {flame, +Rage MR+
                  | Str-2 Int+5}
  1022 | D        | Entered arena 13.
  1022 | D        | Noticed a vault guard
  1022 | D        | Noticed a vault guard
  1022 | D        | Noticed a vault guard
  1022 | D        | Noticed a lich
  1022 | D        | Noticed a stone giant
  1022 | D        | Noticed a vault guard
  1022 | D        | Noticed a vault guard
  1024 | D        | Noticed a vault guard
  1024 | D        | Noticed a vault guard
  1025 | D        | Noticed a vault guard
  1031 | D        | Killed a lich
  1031 | D        | Reached skill level 20 in Shields
  1037 | D        | Killed a vault guard
  1039 | D        | Killed a vault guard
  1039 | D        | Killed a vault guard
  1045 | D        | Killed a stone giant
  1045 | D        | Reached XP level 13. HP: 130/133 MP: 12/12
  1054 | D        | Reached skill level 21 in Shields
  1078 | D        | Found a transporter.
  1115 | D        | Entered arena 14.
  1129 | D        | Noticed an entropy weaver
  1129 | D        | a great orb of eyes changed into an entropy weaver
  1132 | D        | Noticed a storm dragon
  1132 | D        | an entropy weaver changed into a storm dragon
  1133 | D        | Found a transporter.
  1144 | D        | Noticed an azure jelly
  1144 | D        | a storm dragon changed into an azure jelly
  1147 | D        | Killed an azure jelly
  1186 | D        | Entered arena 15.
  1187 | D        | Noticed a merfolk javelineer
  1188 | D        | Identified the cursed +1 rapier of Strategic Superiority
                  | {flame, MR+ Int+4 Stlth+}
  1188 | D        | Noticed a merfolk javelineer
  1190 | D        | Identified the ring "Niygimah" {rC++ Int+4 Dex+2}
  1195 | D        | Found a transporter.
  1200 | D        | Reached skill level 22 in Shields
  1203 | D        | Killed a merfolk javelineer
  1210 | D        | Killed a merfolk javelineer
  1261 | D        | Got the Handbook of Unstable Flames
  1319 | D        | Entered arena 16.
  1320 | D        | Noticed a stone giant
  1320 | D        | Noticed a fire giant
  1320 | D        | Noticed a fire giant
  1323 | D        | Noticed a stone giant
  1338 | D        | Killed a fire giant
  1338 | D        | Reached skill level 23 in Shields
  1350 | D        | Killed a fire giant
  1351 | D        | Found a transporter.
  1355 | D        | Killed a stone giant
  1355 | D        | Reached XP level 14. HP: 118/148 MP: 8/13
  1369 | D        | Killed a stone giant
  1416 | D        | Entered arena 17.
  1419 | D        | Noticed a thorn hunter
  1419 | D        | Noticed an apis
  1420 | D        | Found the ring of Phasing {EV+8}
  1420 | D        | Noticed an apis
  1435 | D        | Reached skill level 1 in Throwing
  1436 | D        | Killed a thorn hunter
  1437 | D        | Reached skill level 24 in Shields
  1440 | D        | HP: 1/149 [shambling mangrove (19)]
  1441 | D        | Mangled by a dire elephant

Skill      XL: |  1  2  3  4  5  6  7  8  9 10 11 12 13 14 |
---------------+-------------------------------------------+-----
Fighting       | 4 7 8 9 10 11 13 15 17 20 | 20.8
Long Blades    | 2 |  2.5
Axes           | 3 5 7 10 12 16 18 20 22 23 | 23.3
Maces & Flails | 2 |  2.4
Polearms       | 2 4 5 9 13 | 13.0
Slings         | 2 3 4 5 6 8 |  8.4
Armour         | 4 7 8 9 10 11 12 13 | 13.8
Dodging        | 2 3 4 |  4.6
Shields        | 4 8 9 11 12 14 15 18 20 23 24 | 24.0
Unarmed Combat | 2 |  2.1
Throwing       | 1 |  1.2
Stealth        | |  0.2
Evocations     | |  0.7

Action                   |  1- 3 |  4- 6 |  7- 9 | 10-12 | 13-15 || total
-------------------------+-------+-------+-------+-------+-------++-------
Melee: Broad axe         |     6 |     3 |    38 |    60 |   105 ||   212
       Headbutt          |       |     4 |    15 |    50 |    33 ||   102
       Lance             |       |    11 |     3 |    75 |       ||    89
 Fire: Fustibalus        |     9 |       |     4 |     4 |     7 ||    24
Throw: Javelin           |       |       |       |       |     3 ||     3
 Abil: Stop Flying       |       |       |       |       |     1 ||     1
       Evoke Flight      |       |       |       |       |     1 ||     1
  Use: Potion            |     1 |       |     2 |     1 |     2 ||     6
       Scroll            |       |       |     1 |     2 |     1 ||     4
  Eat: Chunk             |       |       |       |     1 |     1 ||     2
Armor: Plate armour      |     9 |     5 |    32 |    57 |    57 ||   160
Dodge: Dodged            |       |     1 |     9 |    25 |    13 ||    48
Block: Large shield      |    27 |    12 |    68 |   168 |   106 ||   381
       Shield            |       |       |       |       |   103 ||   103
